 Dungeon Sprint DCSS version 0.32-a0-42-ga30500b4d3 (webtiles) character file.

Game seed: 10489673406939815791

70 rocky1 the Apothecary (level 4, 0/63 HPs)
             Began as a Troll Alchemist on Jan 29, 2024.
             Succumbed to a scorpion's poison
             ... in the Dungeon (Sprint IX: "|||||||||||||||||||||||||||||").
             The game lasted 00:00:46 (63 turns).

rocky1 the Apothecary (Troll Alchemist)               Turns: 63, Time: 00:00:46

Health: 0/63       AC:  4    Str: 18    XL:     4   Next: 4%
Magic:  2/6        EV: 10    Int: 11    God:
Gold:   0          SH:  0    Dex: 10    Spells: 6/7 levels left

rFire   . .          .
                       - Unarmed
rCold   . . .        (no shield)
rNeg    . . .        a - +0 robe
rPois   .            (helmet restricted)
rElec   .            (no cloak)
rCorr   .            (gloves unavailable)
SInv    .            (boots unavailable)
Will    .....        (no amulet) Stlth
                     (no ring)
HPRegen 1.10/turn    (no ring)
MPRegen 0.10/turn

%: no teleportation
@: berserking, lethally poisoned (0 -> -2), very quick
A: large, unfitting armour, claws 3, regeneration 1, shaggy fur 1, tough skin 1
a: no special abilities


You were in the Dungeon.
You visited 1 branch

Inventory:

Armour
 a - a +0 robe (worn)
Scrolls
 g - a scroll of blinking
Potions
 b - 3 potions of magic
 e - a potion of haste


   Skills:
 * Level 1.9 Fighting
 + Level 2.7 Dodging
 + Level 1.3 Stealth
 * Level 3.3 Unarmed Combat
 + Level 2.0 Spellcasting
 + Level 1.0 Conjurations
 + Level 4.2 Alchemy


You had 6 spell levels left.
You knew the following spells:

 Your Spells              Type           Power      Damage    Failure   Level
a - Sting                 Conj/Alch      24%        1d4       10%         1

Your spell library contained the following spells:

 Spells                   Type           Power      Damage    Failure   Level
 Mercury Vapours          Alch/Air       10%        N/A       19%         2
 Mephitic Cloud           Conj/Alch/Air  4%         N/A       38%         3
 Olgreb's Toxic Radiance  Alch           10%        N/A       45%         4
 Sticky Flame             Fire/Alch      5%         2d4       77%         4


Dungeon Overview and Level Annotations

Branches:
Dungeon (1/1)

Altars:


Innate Abilities, Weirdness & Mutations

You are too large for most types of armour.
You have claws for hands.
Your natural rate of healing is unusually fast.
You are covered in fur. (AC +1)
You have tough skin. (AC +1)


Message History

You scratch the scorpion but do no damage.
The scorpion is almost dead.
You feel sick. The scorpion stings you.
You barely miss the scorpion.
The scorpion is almost dead.
You feel sick. The scorpion stings you.
You are more poisoned.
The scorpion poisons you!
You scratch the scorpion.
The scorpion is almost dead.
You feel sick. The scorpion stings you.
* * * LOW HITPOINT WARNING * * *
You claw the scorpion!
You kill the scorpion!
You feel sick.
Your Fighting skill increases to level 1!
Your Dodging skill increases to level 2!
Your Unarmed Combat skill gained 2 levels and is now at level 3!
Your Spellcasting skill increases to level 2!
Your Conjurations skill increases to level 1!
Your Alchemy skill increases to level 4!
You have reached level 3!
Your experience leads to an increase in your attributes!
Increase (S)trength, (I)ntelligence, or (D)exterity?
You feel stronger. x3
You have reached level 4!
You barely miss the black bear.
The black bear is heavily wounded.
You feel sick.
You claw the black bear!
The black bear is almost dead.
You feel sick. The black bear bites you.
* * * LOW HITPOINT WARNING * * *
The black bear claws you.
* * * LOW HITPOINT WARNING * * *
The black bear barely misses you.
Unknown command.
You scratch the black bear.
You kill the black bear!
You die... ▓▓▓▓▓▓▓▓▓▓▓▓▓▓▓▓▓▓ +...5h)@...)'...<▓ ▓▓▓▓▓▓▓▓▓▓▓▓▓▓▓▓▓▓

You could see a hound and an ufetubus.

Vanquished Creatures
  A black bear (D)
  A scorpion (D)
  An orc (D)
  A giant cockroach (D)
  A goblin (D)
  2 jackals (D)
  A quokka (D)
8 creatures vanquished.

Notes
Turn   | Place    | Note
-------+----------+-------------------------------------------
     0 | D        | rocky1 the Troll Alchemist began the quest for the Orb.
     0 | D        | Reached XP level 1. HP: 16/16 MP: 1/1
    18 | D        | Reached skill level 3 in Alchemy
    33 | D        | Reached skill level 1 in Unarmed Combat
    38 | D        | Noticed a hound
    38 | D        | Noticed a black bear
    38 | D        | Noticed a scorpion
    42 | D        | Reached XP level 2. HP: 22/24 MP: 3/3
    60 | D        | Killed a scorpion
    61 | D        | Reached skill level 1 in Fighting
    61 | D        | Reached skill level 1 in Conjurations
    61 | D        | Reached skill level 4 in Alchemy
    61 | D        | Reached XP level 3. HP: 10/35 MP: 2/5
    61 | D        | Reached XP level 4. HP: 12/42 MP: 2/6
    62 | D        | HP: 2/63 [black bear (4)]
    63 | D        | Killed a black bear
    63 | D        | Succumbed to a scorpion's poison

Illustrated notes

Levels and vault maps discovered:
D:        linesprint [early_d, line_temple, items_1, d_10, items_2, lair_1,
          lair_end, items_3, orc_1, orc_end, items_4, d_15, swamp_1, shoals_1,
          snake_1, spider_1, d_20, vaults_1, items_5, swamp_end, shoals_end,
          snake_end, spider_end, vaults_end, d_27, items_6, zot_1, zot_end,
          crypt_end, forest_end, elf_end, slime_end, tomb_end, abyss_end,
          pan_hell_end]

Skill      XL: |  1  2 |
---------------+-------+-----
Alchemy        | 3 4 |  4.2
Unarmed Combat | 1 3 |  3.3
Fighting       | 1 |  1.9
Dodging        | 2 |  2.7
Spellcasting   | 2 |  2.0
Conjurations   | 1 |  1.0
Stealth        | |  1.3

Action                     |  1- 3 |  4- 6 || total
---------------------------+-------+-------++-------
  Melee: Unarmed           |    45 |     3 ||    48
   Cast: Sting             |     2 |       ||     2
    Use: Potion            |     3 |       ||     3
 Armour: Robe              |    33 |     2 ||    35
  Dodge: Dodged            |    20 |     1 ||    21

Table legend: (Time is in decaauts)
 A = Elapsed time spent in this place.
 B = Non-inter-level travel time spent in this place.
 C = Inter-level travel time spent in this place.
 D = Time resting spent in this place.
 E = Time spent auto-exploring this place.
 F = Levels seen in this place.
 G = Mean time per level.
                   A        B        C        D        E       F      G
               +--------+--------+--------+--------+--------+-----+--------+
         Total |     60 |     60 |      0 |      0 |      0 |   1 |   60.0 |
       Dungeon |     60 |     60 |      0 |      0 |      0 |   1 |   60.0 |
               +--------+--------+--------+--------+--------+-----+--------+

Top non-repeatable levels by time:
       D: 60 daAuts
